% Time on Ice - SAN DIEGO THUNDER
Lines # - Real PCT - Wanted PCT - Time Play
Normal Forward
1 - 35% - 35% - 14:28
2 - 33% - 33% - 13:37
3 - 23% - 26% - 9:18
4 - 9% - 6% - 3:29
Normal Defense
1 - 33% - 36% - 13:34
2 - 31% - 31% - 12:40
3 - 27% - 18% - 11:00
4 - 9% - 15% - 3:38
PP Forward
1 - 49% - 55% - 5:15
2 - 51% - 45% - 5:25
PP Defense
1 - 46% - 55% - 4:52
2 - 54% - 45% - 5:48
PK Forward
1 - 60% - 55% - 4:03
2 - 40% - 45% - 2:39
PK Defense
1 - 40% - 55% - 2:41
2 - 60% - 45% - 4:01
PK3 Forward
1 - 0% - 55%
2 - 0% - 45%
PK3 Defense
1 - 0% - 55%
2 - 0% - 45%
44 Forward
1 - 100% - 55% - 0:49
2 - 0% - 45% - 0:00
44 Defense
1 - 0% - 55% - 0:00
2 - 100% - 45% - 0:49
Last Minute Offensive  - 0:57
Last Minute Defensive  - 0:00
Total
Forward - 60:00
Defense - 60:00
% Time on Ice - EDMONTON ICE
Lines # - Real PCT - Wanted PCT - Time Play
Normal Forward
1 - 37% - 37% - 15:08
2 - 35% - 34% - 14:24
3 - 23% - 23% - 9:23
4 - 5% - 6% - 2:06
Normal Defense
1 - 39% - 37% - 16:09
2 - 34% - 33% - 13:59
3 - 22% - 23% - 9:12
4 - 4% - 7% - 1:41
PP Forward
1 - 60% - 56% - 4:00
2 - 40% - 44% - 2:42
PP Defense
1 - 80% - 56% - 5:21
2 - 20% - 44% - 1:21
PK Forward
1 - 61% - 57% - 6:28
2 - 39% - 43% - 4:12
PK Defense
1 - 56% - 57% - 5:57
2 - 44% - 43% - 4:43
PK3 Forward
1 - 0% - 55%
2 - 0% - 45%
PK3 Defense
1 - 0% - 55%
2 - 0% - 45%
44 Forward
1 - 100% - 55% - 0:49
2 - 0% - 45% - 0:00
44 Defense
1 - 100% - 55% - 0:49
2 - 0% - 45% - 0:00
Last Minute Offensive  - 0:00
Last Minute Defensive  - 0:48
Total
Forward - 60:00
Defense - 60:00
Play-by-Play 1st period 0:01 of 1st period - Ryan O'Reilly wins face-off versus Mark Scheifele in neutral zone. 0:10 of 1st period - Shot by Ryan O'Reilly. 0:10 of 1st period - Stopped by Connor Hellebuyck without a rebound. 0:11 of 1st period - Logan Couture wins face-off versus Vincent Trocheck in SAN DIEGO THUNDER zone. 0:11 of 1st period - Logan Couture is hit by Vincent Trocheck. 0:29 of 1st period - Shot by Logan Couture. 0:29 of 1st period - Stopped by Philipp Grubauer without a rebound. 0:30 of 1st period - Jean-Gabriel Pageau wins face-off versus Mikko Koivu in EDMONTON ICE zone. 0:34 of 1st period - Icing by Ondrej Kase. 0:35 of 1st period - Jean-Gabriel Pageau wins face-off versus Mikko Koivu in EDMONTON ICE zone. 0:50 of 1st period - Shot by Jean-Gabriel Pageau. 0:50 of 1st period - Deflect By Ryan Hartman. 0:50 of 1st period - Shot Misses the Net. 1:01 of 1st period - Minor Penalty to Charles McAvoy for Tripping. 1:02 of 1st period - Ryan O'Reilly wins face-off versus Jean-Gabriel Pageau in SAN DIEGO THUNDER zone. 1:13 of 1st period - Shot by Anthony Mantha. 1:13 of 1st period - Stopped by Connor Hellebuyck without a rebound. 1:14 of 1st period - Jean-Gabriel Pageau wins face-off versus Vincent Trocheck in SAN DIEGO THUNDER zone. 1:22 of 1st period - Off-side. 1:23 of 1st period - Ryan O'Reilly wins face-off versus Drake Batherson in neutral zone. 2:27 of 1st period - Shot by Colton Parayko. 2:27 of 1st period - Shot Misses the Net. 2:29 of 1st period - Shot by Jeff Petry. 2:29 of 1st period - Shot Misses the Net. 2:31 of 1st period - Shot by Jeff Petry. 2:31 of 1st period - Stopped by Connor Hellebuyck without a rebound. 2:32 of 1st period - Vincent Trocheck wins face-off versus Drake Batherson in SAN DIEGO THUNDER zone. 2:45 of 1st period - Shot by Patric Hornqvist. 2:45 of 1st period - Shot Misses the Net. 2:49 of 1st period - Shot by Vincent Trocheck. 2:49 of 1st period - Stopped by Connor Hellebuyck with a rebound. 2:51 of 1st period - Shot by Jeff Petry. 2:51 of 1st period - Stopped by Connor Hellebuyck without a rebound. 2:52 of 1st period - Ryan O'Reilly wins face-off versus Drake Batherson in SAN DIEGO THUNDER zone. 3:07 of 1st period - Shot by Nikita Kucherov. 3:07 of 1st period - Shot Misses the Net. 3:14 of 1st period - Minor Penalty to Ryan Graves for Holding. 3:15 of 1st period - Boone Jenner wins face-off versus Mark Scheifele in EDMONTON ICE zone. 4:27 of 1st period - Shot by Jean-Gabriel Pageau. 4:27 of 1st period - Shot Misses the Net. 4:29 of 1st period - Shot by Connor Murphy. 4:29 of 1st period - Shot Blocked by Calvin De Haan. 5:12 of 1st period - Icing by Jean-Gabriel Pageau. 5:13 of 1st period - Ilya Mikheyev wins face-off versus Boone Jenner in SAN DIEGO THUNDER zone. 5:48 of 1st period - Shot by Ryan O'Reilly. 5:48 of 1st period - Shot Blocked by Deryk Engelland. 5:50 of 1st period - Shot by Jack Johnson. 5:50 of 1st period - Shot Blocked by Patrik Nemeth. 6:02 of 1st period - Jack Johnson is hit by Marcus Foligno and loses puck. 6:08 of 1st period - Off-side. 6:09 of 1st period - Vincent Trocheck wins face-off versus Mark Scheifele in neutral zone. 6:35 of 1st period - Icing by Mark Borowiecki. 6:36 of 1st period - Mark Scheifele wins face-off versus Mikko Koivu in SAN DIEGO THUNDER zone. 6:52 of 1st period - David Perron is hit by Shea Theodore and loses puck. 7:13 of 1st period - Shot by Shea Theodore. 7:13 of 1st period - Stopped by Connor Hellebuyck without a rebound. 7:14 of 1st period - Vincent Trocheck wins face-off versus Logan Couture in SAN DIEGO THUNDER zone. 7:19 of 1st period - Shot by Timo Meier. 7:19 of 1st period - Stopped by Connor Hellebuyck without a rebound. 7:20 of 1st period - Vincent Trocheck wins face-off versus Logan Couture in SAN DIEGO THUNDER zone. 7:21 of 1st period - Shot by Timo Meier. 7:21 of 1st period - Stopped by Connor Hellebuyck without a rebound. 7:22 of 1st period - Ryan O'Reilly wins face-off versus Logan Couture in SAN DIEGO THUNDER zone. 7:42 of 1st period - Shot by Evander Kane. 7:42 of 1st period - Shot Misses the Net. 8:04 of 1st period - Shot by Logan Couture. 8:04 of 1st period - Shot Misses the Net. 8:21 of 1st period - Logan Couture is hit by Timo Meier and loses puck. 8:34 of 1st period - Shot by Jean-Gabriel Pageau. 8:34 of 1st period - Shot Misses the Net. 8:47 of 1st period - Minor Penalty to Calvin De Haan for Hooking. 8:48 of 1st period - Boone Jenner wins face-off versus Evander Kane in EDMONTON ICE zone. 8:50 of 1st period - Ondrej Kase is hit by Evander Kane and loses puck. 8:59 of 1st period - Shot by Nikita Kucherov. 8:59 of 1st period - Shot Misses the Net. 9:07 of 1st period - Shot by Rasmus Dahlin. 9:07 of 1st period - Stopped by Philipp Grubauer without a rebound. 9:08 of 1st period - Jean-Gabriel Pageau wins face-off versus Boone Jenner in EDMONTON ICE zone. 9:18 of 1st period - Shot by Charles McAvoy. 9:18 of 1st period - Shot Misses the Net. 9:20 of 1st period - Shot by Ilya Mikheyev. 9:20 of 1st period - Stopped by Philipp Grubauer without a rebound. 9:21 of 1st period - Boone Jenner wins face-off versus Mark Scheifele in EDMONTON ICE zone. 10:12 of 1st period - Shot by David Perron. 10:12 of 1st period - Deflect By Ilya Mikheyev. 10:12 of 1st period - Shot Misses the Net. 10:14 of 1st period - Shot by Jean-Gabriel Pageau. 10:14 of 1st period - Shot Misses the Net. 10:26 of 1st period - Shot by Ilya Mikheyev. 10:26 of 1st period - Stopped by Philipp Grubauer without a rebound. 10:27 of 1st period - Jean-Gabriel Pageau wins face-off versus Mikko Koivu in EDMONTON ICE zone. 10:32 of 1st period - Shot by Ilya Mikheyev. 10:32 of 1st period - Shot Blocked by Ryan Graves. 10:48 of 1st period - Shot by David Perron. 10:48 of 1st period - Shot Misses the Net. 10:56 of 1st period - Shot by Timo Meier. 10:56 of 1st period - Shot Misses the Net. 10:58 of 1st period - Shot by Colton Parayko. 10:58 of 1st period - Stopped by Connor Hellebuyck without a rebound. 10:59 of 1st period - Mark Scheifele wins face-off versus Anthony Mantha in SAN DIEGO THUNDER zone. 11:08 of 1st period - Shot by Mark Scheifele. 11:08 of 1st period - Shot Misses the Net. 11:16 of 1st period - Icing by Anthony Mantha. 11:17 of 1st period - Jean-Gabriel Pageau wins face-off versus Ryan O'Reilly in EDMONTON ICE zone. 12:27 of 1st period - Shot by Timo Meier. 12:27 of 1st period - Stopped by Connor Hellebuyck without a rebound. 12:28 of 1st period - Logan Couture wins face-off versus Mikko Koivu in SAN DIEGO THUNDER zone. 12:55 of 1st period - Icing by Colton Parayko. 12:56 of 1st period - Mikko Koivu wins face-off versus Mark Scheifele in EDMONTON ICE zone. 13:13 of 1st period - Shot by Boone Jenner. 13:13 of 1st period - Stopped by Connor Hellebuyck without a rebound. 13:14 of 1st period - Phil Kessel wins face-off versus Logan Couture in SAN DIEGO THUNDER zone. 13:20 of 1st period - Shot by Vincent Trocheck. 13:20 of 1st period - Stopped by Connor Hellebuyck without a rebound. 13:21 of 1st period - Vincent Trocheck wins face-off versus Mark Scheifele in SAN DIEGO THUNDER zone. 13:21 of 1st period - Vincent Trocheck is hit by Connor Murphy. 13:23 of 1st period - Shot by Timo Meier. 13:23 of 1st period - Stopped by Connor Hellebuyck with a rebound. 13:25 of 1st period - Shot by Shea Theodore. 13:25 of 1st period - Stopped by Connor Hellebuyck with a rebound. 13:39 of 1st period - Shot by Vincent Trocheck. 13:39 of 1st period - Goal by Vincent Trocheck - SAN DIEGO THUNDER : 0 - EDMONTON ICE : 1. 13:40 of 1st period - Ryan O'Reilly wins face-off versus Logan Couture in neutral zone. 14:07 of 1st period - Shot by Anthony Mantha. 14:07 of 1st period - Shot Misses the Net. 14:18 of 1st period - Icing by Logan Couture. 14:19 of 1st period - Vincent Trocheck wins face-off versus Logan Couture in SAN DIEGO THUNDER zone. 14:32 of 1st period - Shot by Timo Meier. 14:32 of 1st period - Stopped by Connor Hellebuyck without a rebound. 14:33 of 1st period - Mark Scheifele wins face-off versus Mikko Koivu in SAN DIEGO THUNDER zone. 14:33 of 1st period - Mark Scheifele is hit by Boone Jenner. 14:55 of 1st period - Shot by Mark Scheifele. 14:55 of 1st period - Stopped by Philipp Grubauer without a rebound. 14:56 of 1st period - Vincent Trocheck wins face-off versus Jean-Gabriel Pageau in EDMONTON ICE zone. 14:56 of 1st period - Vincent Trocheck is hit by Marcus Foligno. 15:15 of 1st period - Shot by Vincent Trocheck. 15:15 of 1st period - Shot Blocked by Jean-Gabriel Pageau. 15:27 of 1st period - Deryk Engelland is hit by Timo Meier and loses puck. 15:42 of 1st period - Icing by Ryan Graves. 15:43 of 1st period - Vincent Trocheck wins face-off versus Mark Scheifele in EDMONTON ICE zone. 15:43 of 1st period - Vincent Trocheck is hit by Mark Scheifele. 16:11 of 1st period - Shot by Nikita Kucherov. 16:11 of 1st period - Shot Misses the Net. 16:40 of 1st period - Icing by Jeff Petry. 16:41 of 1st period - Ryan O'Reilly wins face-off versus Ilya Mikheyev in EDMONTON ICE zone. 17:43 of 1st period - Marcus Foligno is hit by Colton Parayko. 18:04 of 1st period - Minor Penalty to Marcus Foligno for Slashing. 18:05 of 1st period - Jean-Gabriel Pageau wins face-off versus Vincent Trocheck in SAN DIEGO THUNDER zone. 18:22 of 1st period - Connor Murphy is hit by Joel Eriksson Ek. 19:11 of 1st period - Icing by Calvin De Haan. 19:12 of 1st period - Mikko Koivu wins face-off versus Drake Batherson in EDMONTON ICE zone. 19:12 of 1st period - Mikko Koivu is hit by David Perron. 19:34 of 1st period - Shot by Mikko Koivu. 19:34 of 1st period - Deflect By Timo Meier. 19:34 of 1st period - Stopped by Connor Hellebuyck with a rebound. 19:36 of 1st period - Shot by Calvin De Haan. 19:36 of 1st period - Stopped by Connor Hellebuyck with a rebound. 19:38 of 1st period - Shot by Jack Johnson. 19:38 of 1st period - Goal by Jack Johnson - SAN DIEGO THUNDER : 0 - EDMONTON ICE : 2. 19:39 of 1st period - Joel Eriksson Ek wins face-off versus Ilya Mikheyev in neutral zone. 19:59 of 1st period - Minor Penalty to Ryan Graves for Hooking. Goals for this period are 0 for SAN DIEGO THUNDER vs 2 for EDMONTON ICE. Shots for this period are 5 for SAN DIEGO THUNDER vs 19 for EDMONTON ICE. 2nd period 0:01 of 2nd period - Boone Jenner wins face-off versus Mark Scheifele in neutral zone. 0:56 of 2nd period - Icing by Mark Scheifele. 0:57 of 2nd period - Boone Jenner wins face-off versus Mark Scheifele in SAN DIEGO THUNDER zone. 2:27 of 2nd period - Shot by Drake Batherson. 2:27 of 2nd period - Deflect By Robert Fabbri. 2:27 of 2nd period - Shot Misses the Net. 2:30 of 2nd period - Icing by Shea Theodore. 2:31 of 2nd period - Vincent Trocheck wins face-off versus Jean-Gabriel Pageau in EDMONTON ICE zone. 2:41 of 2nd period - Shot by Jean-Gabriel Pageau. 2:41 of 2nd period - Stopped by Philipp Grubauer without a rebound. 2:42 of 2nd period - Logan Couture wins face-off versus Mikko Koivu in EDMONTON ICE zone. 2:43 of 2nd period - Shot by Evander Kane. 2:43 of 2nd period - Stopped by Philipp Grubauer without a rebound. 2:44 of 2nd period - Mikko Koivu wins face-off versus Logan Couture in EDMONTON ICE zone. 2:46 of 2nd period - Icing by Ondrej Kase. 2:47 of 2nd period - Mikko Koivu wins face-off versus Mark Scheifele in EDMONTON ICE zone. 2:54 of 2nd period - Shot by Nikita Kucherov. 2:54 of 2nd period - Shot Misses the Net. 3:04 of 2nd period - Shot by Mark Scheifele. 3:04 of 2nd period - Stopped by Philipp Grubauer without a rebound. 3:05 of 2nd period - Logan Couture wins face-off versus Vincent Trocheck in EDMONTON ICE zone. 3:14 of 2nd period - Shot by Evander Kane. 3:14 of 2nd period - Stopped by Philipp Grubauer without a rebound. 3:15 of 2nd period - Vincent Trocheck wins face-off versus Nikita Kucherov in EDMONTON ICE zone. 3:54 of 2nd period - Shot by Phil Kessel. 3:54 of 2nd period - Shot Misses the Net. 3:56 of 2nd period - Shot by Timo Meier. 3:56 of 2nd period - Shot Misses the Net. 3:58 of 2nd period - Shot by Timo Meier. 3:58 of 2nd period - Stopped by Connor Hellebuyck with a rebound. 4:00 of 2nd period - Shot by Vincent Trocheck. 4:00 of 2nd period - Shot Blocked by Connor Murphy. 5:00 of 2nd period - Minor Penalty to Boone Jenner for Holding. 5:01 of 2nd period - Joel Eriksson Ek wins face-off versus Marcus Foligno in EDMONTON ICE zone. 6:08 of 2nd period - Icing by Mark Borowiecki. 6:09 of 2nd period - Joel Eriksson Ek wins face-off versus Drake Batherson in SAN DIEGO THUNDER zone. 6:09 of 2nd period - Ryan Graves is hit by Mark Borowiecki and loses puck. 6:10 of 2nd period - Minor Penalty to Mark Borowiecki for Roughing. 6:11 of 2nd period - Mark Scheifele wins face-off versus Timo Meier i